 Dungeon Crawl Stone Soup version 0.21.1-1-g345015f (webtiles) character file.

20805 inc the Spry (level 12, -2/60 HPs)
             Began as a Felid Chaos Knight on Feb 22, 2018.
             Was a High Priest of Zin.
             Slain by a yak (15 damage)
             ... on level 5 of the Lair of Beasts.
             The game lasted 01:14:48 (14519 turns).

inc the Spry (Felid Chaos Knight)                  Turns: 14519, Time: 01:14:50

Health: -2/60      AC: 11    Str: 13    XL:     12   Next: 48%
Magic:  11/13      EV: 36    Int: 25    God:    Zin [*****.]
Gold:   808        SH:  5    Dex: 24    Spells: 10/11 levels left
                                        Lives:  0   Deaths: 3

rFire    + . .     SeeInvis +     - Unarmed
rCold    + + .     Gourm    .   (shield unavailable)
rNeg     . . .     Faith    .   (armour unavailable)
rPois    ∞         Spirit   .   (helmet unavailable)
rElec    .         Reflect  +   (cloak unavailable)
rCorr    .         Harm     .   (gloves unavailable)
MR       +....                  (boots unavailable)
Stlth    +++++++...             J - +5 amulet of reflection
HPRegen  0.20/turn              I - ring "Tugg" {rF+ MR- Int+3 Dex+6}
MPRegen  0.13/turn              H - +5 ring of protection

@: confusing touch, vitalised, quick
A: very small, no armour, no weapons or thrown items, stealth, claws 1, fangs 3,
repulsion field 1, rugged brown scales 1, yellow scales 1, camouflage 2, see
invisible, agile 1, blink, carnivore, clever 1, cold resistance 1, speed 1,
magic resistance 1, poison resistance, shaggy fur 3, slow metabolism 1, strong
2, evolution 1, sharp paws
a: Blink, Recite, Vitalisation, Imprison, Sanctuary, Donate Gold, Renounce
Religion


You were on level 5 of the Lair of Beasts.
You worshipped Zin.
Zin was extremely pleased with you.
You were full.

You visited 3 branches of the dungeon, and saw 19 of its levels.
You also visited: Ice Cave and Volcano.

You collected 3441 gold pieces.
You spent 2544 gold pieces at shops.
You donated 89 gold pieces to Zin.

Inventory:

Jewellery
 b - a +6 ring of evasion {unknown}
 c - an uncursed amulet of guardian spirit
 v - an uncursed ring of protection from fire
 A - an uncursed ring of ice
 H - a +5 ring of protection (right paw)
 I - the ring "Tugg" (left paw) {rF+ MR- Int+3 Dex+6}
   (You acquired it on level 10 of the Dungeon)

   [ring of intelligence]

   It affects your intelligence (+3).
   It affects your dexterity (+6).
   It protects you from fire.
   It affects your resistance to hostile enchantments.
 J - a +5 amulet of reflection (around neck)
 K - an uncursed ring of protection from magic
 O - the amulet "Yfacam" {Gourm rF+}
   (You found it in an ice cave)

   [amulet of the gourmand]

   It allows you to eat raw meat even when not hungry.
   It protects you from fire.
 Q - an uncursed ring of resist corrosion
 X - an uncursed ring of fire
 Z - an uncursed ring of positive energy {unknown}
Wands
 N - a wand of digging (23)
Scrolls
 e - 2 scrolls of immolation {unknown}
 f - 5 scrolls of teleportation {unknown}
 g - a scroll of blinking
 i - 8 scrolls of remove curse
 j - 5 scrolls of enchant armour {unknown}
 k - a scroll of random uselessness {unknown}
 o - 3 scrolls of magic mapping {unknown}
 s - 3 scrolls of enchant weapon {unknown}
 t - 3 scrolls of fog {unknown}
 u - a scroll of fear {unknown}
 R - a scroll of brand weapon {unknown}
 W - a scroll of holy word {unknown}
 Y - a scroll of silence {unknown}
Potions
 d - 4 potions of might
 h - 9 potions of curing
 n - a potion of brilliance {unknown}
 r - 2 potions of flight
 z - a potion of mutation {unknown}
 B - a potion of magic
 C - 2 potions of agility
 D - 3 potions of berserk rage
 G - a potion of invisibility
 L - 2 potions of heal wounds
 M - 2 potions of lignification
 P - 2 potions of resistance
 V - a potion of cancellation {unknown}
Books
 l - a book of Misfortune

   Spells                             Type                      Level
   a - Confusing Touch                Hexes                        1
   b - Confuse                        Hexes                        3
   c - Gell's Gravitas                Translocation                3
   d - Petrify                        Transmutation/Earth          4
   e - Metabolic Englaciation         Hexes/Ice                    5
   f - Yara's Violent Unravelling     Hexes/Transmutation          5
 x - a book of Conjurations

   Spells                             Type                      Level
   a - Magic Dart                     Conjuration                  1
   b - Searing Ray                    Conjuration                  2
   c - Dazzling Spray                 Conjuration/Hexes            3
   d - Fulminant Prism                Conjuration/Hexes            4
   e - Force Lance                    Conjuration/Translocation    4
   f - Iskenderun's Mystic Blast      Conjuration                  4
 y - a book of Flames

   Spells                             Type                      Level
   a - Flame Tongue                   Conjuration/Fire             1
   b - Throw Flame                    Conjuration/Fire             2
   c - Conjure Flame                  Conjuration/Fire             3
   d - Inner Flame                    Hexes/Fire                   3
   e - Sticky Flame                   Conjuration/Fire             4
   f - Fireball                       Conjuration/Fire             5
 E - a book of Necromancy

   Spells                             Type                      Level
   a - Pain                           Necromancy                   1
   b - Animate Skeleton               Necromancy                   1
   c - Vampiric Draining              Necromancy                   3
   d - Regeneration                   Charms/Necromancy            3
   e - Animate Dead                   Necromancy                   4
   f - Borgnjor's Vile Clutch         Necromancy/Earth             5
   Zin disapproves of the use of such an item.
Comestibles
 a - 17 rations


   Skills:
 - Level 10.7 Fighting
 - Level 15.6 Dodging
 - Level 9.7 Stealth
 - Level 13.8 Unarmed Combat
 - Level 5.8 Hexes
 + Level 0.0 Invocations


You had 10 spell levels left.
You knew the following spells:

 Your Spells              Type           Power        Failure   Level  Hunger
a - Confusing Touch       Hex            ####..       1%          1    ##.....


Dungeon Overview and Level Annotations

Branches:
Dungeon (12/15)            Temple (1/1) D:4            Lair (6/6) D:9
  Swamp (0/4) Lair:3        Snake (0/4) Lair:2          Orc (0/2) D:9
  Slime: Lair:5-6

Altars:
Ashenzari
Dithmenos
Elyvilon
Fedhas
Hepliaklqana
Makhleb
Nemelex Xobeh
Okawaru
Qazlal
Sif Muna
Trog
Uskayaw
Vehumet
Wu Jian
Yredelemnul
Zin
The Shining One

Shops:
D:9 !   D:10 :}=}*

Annotations:
D:3 inc's ghost, weakling FeEn
D:5 grindst0ne's ghost, novice FoAM
D:7 Pikel
D:8 2 transporters, Gastronok
Lair:1 Sonja
Lair:3 exclusion: oklob plant
Lair:5 exclusion: 4 oklob plants


Innate Abilities, Weirdness & Mutations

You cannot wear armour.
You are incapable of wielding weapons or throwing items.
Your paws allow you to move quietly. (Stealth)
You have sharp claws.
You have razor-sharp teeth.
You have supernaturally acute eyesight. (SInv)
You are carnivorous and can eat meat at any time.
You cover ground quickly.
Your thick and shaggy fur keeps you warm. (AC +3, rC+)
You have a slow metabolism.
Your sharp claws are effective at attacking unaware monsters.
You are surrounded by a mild repulsion field. (EV +2)
You are partially covered in rugged brown scales. (AC +1, +3% HP)
You are partially covered in yellow scales. (AC +2)
Your skin blends seamlessly with your surroundings (Stealth++).
You are agile. (Dex +2)
You can translocate small distances at will.
Your mind is acute. (Int +2)
Your flesh is cold resistant. (rC+)
You are resistant to hostile enchantments. (MR+)
Your system is resistant to poisons. (rPois)
Your muscles are very strong. (Str +4)
You evolve.


Message History

The yak is almost dead.
The crocodile completely misses you.
Casting: Confusing Touch
Confirm with . or Enter, or press ? or * to list all spells.
Your paws begin to glow red.
The yak gores you! The crocodile closely misses you.
You scratch the crocodile but do no damage.
You claw the crocodile, but do no damage.
The crocodile is heavily wounded.
The yak misses you.
You scratch the yak but do no damage.
The yak is almost dead.
The crocodile completely misses you. The yak barely misses you.
You scratch the crocodile but do no damage.
You bite the crocodile, but do no damage.
The crocodile is heavily wounded.
The crocodile bites you!
* * * LOW HITPOINT WARNING * * *
The yak gores you!
You die...

.............................#
............................##
...........................P#
...........................##
....P..#.#..................#
....###..#..........#.P.....#
.........##.......P##..##P.###
.........##..................#
...............†@.......#P.###
...............t#Y......#..P#
....#..........(.#..........#
....#...#...........##......#
.........<........P...#.#P..#
.................t..........#
...........÷...............##
............................#
.........≈≈≈.>.≈...........##


You could see a yak and a crocodile.

Vanquished Creatures
  A dancing weapon (Volcano)
  An unseen horror (D:10)
  5 wizards (Volcano)
  A lindwurm (D:9)
  2 ugly things (IceCv)
  6 black mambas
  5 toenail golems (Volcano)
  3 ice statues (IceCv)
  8 spiny frogs
  2 rime drakes
  5 komodo dragons
  2 trolls
  Grinder (D:4)
  15 blink frogs
  5 hippogriffs
  16 yaks
  A wyvern (D:9)
  A hungry ghost (D:9)
  3 nagas (Lair:2)
  4 water moccasins
  A soldier ant (D:10)
  4 porcupines
  3 orc warriors
  7 ice beasts
  A necrophage (D:11)
  A phantom (D:6)
  2 sky beasts
  3 ogres
  6 crocodiles
  3 centaurs
  7 bullfrogs
  A wyvern zombie (D:10)
  A wyvern skeleton (D:7)
  A scorpion (D:8)
  3 crimson imps
  3 jellies
  An orc priest (D:11)
  A hound (D:10)
  An iguana (D:10)
  7 orc wizards
  Natasha (thrice) (D:4)
  3 worker ants
  2 hound skeletons
  8 gnolls
  A howler monkey skeleton (D:7)
  2 worker ant zombies
  8 adders
  4 shadow imps
  12 white imps
  An ooze (D:1)
  A worm (D:2)
  A dart slug (D:1)
  5 leopard geckos
  30 orcs
  A ball python (D:1)
  4 giant cockroaches
  3 goblins
  3 hobgoblins
  4 jackals (D:6)
  7 kobolds
  4 quokkas
  5 bats
  A frilled lizard (D:1)
  A giant cockroach zombie (D:5)
  A jackal skeleton (D:4)
  6 rats (D:1)
265 creatures vanquished.

Vanquished Creatures (collateral kills)
  A manticore (D:11)
  A yak (D:10)
  A crimson imp (D:11)
  A gnoll shaman (D:6)
  A gnoll (D:6)
  An ooze (shapeshifter) (IceCv)
  An adder skeleton (D:8)
7 creatures vanquished.

Vanquished Creatures (others)
  5 fungi (Lair:5)
  8 plants
13 creatures vanquished.

Grand Total: 285 creatures vanquished

Notes
Turn   | Place    | Note
-------+----------+-------------------------------------------
     0 | D:1      | inc the Felid Chaos Knight began the quest for the Orb.
     0 | D:1      | Reached XP level 1. HP: 10/10 MP: 2/2
    43 | D:1      | Reached skill level 1 in Stealth
    54 | D:1      | Reached XP level 2. HP: 3/14 MP: 3/3
  1319 | D:2      | XOM: god gift: 13 gold pieces
  1326 | D:2      | Reached XP level 3. HP: 8/17 MP: 4/4
  1378 | D:2      | XOM: god gift: 52 gold pieces
  1555 | D:2      | XOM is BORED!
  1555 | D:2      | XOM: medium Ice miscast
  1606 | D:2      | XOM: 2-stop teleportation journey
  1875 | D:3      | Noticed inc's ghost (weakling FeEn)
  1952 | D:4      | XOM: harmless Hex miscast
  2151 | D:4      | XOM: cleaving
  2159 | D:4      | XOM: butterfly on damage
  2351 | D:4      | XOM: cloud trail
  2419 | D:4      | Noticed a centaur
  2422 | D:4      | Killed a centaur
  2422 | D:4      | Reached XP level 4. HP: 21/21 MP: 5/5
  2437 | D:4      | Found a staircase to the Ecumenical Temple.
  2441 | D:4      | Noticed Natasha
  2442 | D:4      | Noticed an ogre
  2447 | D:4      | Killed Natasha
  2447 | D:4      | Reached XP level 5. HP: 24/24 MP: 6/6
  2555 | D:4      | Learned a level 1 spell: Confusing Touch
  2581 | D:4      | Noticed Natasha
  2593 | D:4      | Killed Natasha
  2593 | D:4      | Reached skill level 1 in Hexes
  2631 | D:4      | XOM: give mutations
  2631 | D:4      | Gained mutation: You are resistant to hostile enchantments. (MR+) [Xom's grace]
  2631 | D:4      | Gained mutation: You are surrounded by a mild repulsion field. (EV +2) [Xom's grace]
  2631 | D:4      | Gained mutation: Your skin changes colour to match your surroundings (Stealth+). [Xom's grace]
  2648 | D:4      | Noticed Grinder
  2653 | D:4      | Killed Grinder
  2653 | D:4      | Reached skill level 5 in Hexes
  2653 | D:4      | Gained mutation: You are covered in thick fur. (AC +2) [Felid growth]
  2653 | D:4      | Reached XP level 6. HP: 28/28 MP: 5/7
  2701 | D:4      | XOM: harmless Air miscast
  2708 | D:4      | Reached skill level 4 in Dodging
  2752 | D:4      | XOM: god gift: scroll labeled MENGOY GOMPIEJ {god gift}
  2827 | D:4      | Noticed Natasha
  2833 | D:4      | Killed Natasha
  2845 | D:5      | Entered Level 5 of the Dungeon
  2879 | D:5      | Found a shadowy altar of Dithmenos.
  3086 | D:5      | Noticed grindst0ne's ghost (novice FoAM)
  3124 | D:5      | Reached XP level 7. HP: 29/31 MP: 8/8
  3141 | D:5      | Reached skill level 5 in Dodging
  3258 | D:5      | Found a basalt altar of Yredelemnul.
  3265 | D:5      | XOM: fog
  3273 | D:5      | XOM: summons friendly crimson imp
  3309 | D:5      | Reached skill level 6 in Dodging
  3437 | D:5      | Found a radiant altar of Vehumet.
  3437 | D:5      | XOM: 8-stop teleportation journey
  3499 | D:5      | XOM: enchant monster (good)
  3518 | D:5      | XOM: mild Air miscast
  3529 | D:5      | XOM: enchant monster (good)
  3570 | D:5      | XOM: cloud trail
  3863 | D:7      | XOM: god gift: sharpened wooden wand {god gift}
  3908 | D:7      | XOM: medium Necr miscast
  3909 | D:7      | Noticed a shadow
  3909 | D:7      | Noticed a shadow
  4125 | D:6      | XOM: summons friendly shadow imp
  4132 | D:6      | Reached skill level 5 in Unarmed Combat
  4194 | D:6      | Reached XP level 8. HP: 24/34 MP: 5/9
  4223 | D:6      | XOM: polymorph shadow imp -> quasit
  4263 | D:6      | XOM: butterfly on damage
  4263 | D:6      | XOM: smoke on damage
  4270 | D:6      | Slain by a centaur
  4271 | D:6      | Reached XP level 7. HP: -5/31 MP: 0/8
  4288 | D:6      | XOM: give mutations
  4288 | D:6      | Gained mutation: Your flesh is cold resistant. (rC+) [Xom's grace]
  4288 | D:6      | Gained mutation: You are agile. (Dex +2) [Xom's grace]
  4382 | D:6      | XOM: cast spell 'Summon Small Mammal'
  4436 | D:6      | Found a hazy altar of Hepliaklqana.
  4554 | D:6      | XOM: give mutations
  4554 | D:6      | Gained mutation: You can translocate small distances at will. [Xom's grace]
  4554 | D:6      | Gained mutation: Your skin blends seamlessly with your surroundings (Stealth++). [Xom's grace]
  4554 | D:6      | Gained mutation: Your muscles are strong. (Str +2) [Xom's grace]
  4556 | D:6      | XOM: enchant monster (good)
  4607 | D:6      | Found a glowing golden altar of the Shining One.
  4779 | D:6      | XOM: give mutations
  4779 | D:6      | Gained mutation: Your system is resistant to poisons. (rPois) [Xom's grace]
  4779 | D:6      | Gained mutation: You are partially covered in rugged brown scales. (AC +1, +3% HP) [Xom's grace]
  4779 | D:6      | Gained mutation: You are robust. (+10% HP) [Xom's grace]
  4855 | D:7      | XOM: harmless Hex miscast
  4869 | D:7      | Found a hide-covered altar of Uskayaw.
  4888 | D:7      | Noticed Pikel
  5039 | D:8      | Found a transporter.
  5039 | D:8      | Found a transporter.
  5047 | D:8      | Noticed an unseen horror
  5101 | D:8      | Reached XP level 8. HP: 30/40 MP: 7/9
  5280 | D:8      | Found a bloodstained altar of Trog.
  5329 | D:8      | Noticed Gastronok
  5336 | D:8      | XOM: enchant monster (good)
  5345 | D:8      | Noticed a two-headed ogre
  5362 | D:8      | XOM: summons 3 friendly demons
  5403 | D:9      | Reached skill level 5 in Fighting
  5442 | D:9      | XOM: silly message
  5458 | D:9      | Noticed a two-headed ogre
  5498 | D:9      | Found a staircase to the Lair.
  5499 | D:9      | Noticed a komodo dragon
  5521 | D:9      | Found a staircase to the Orcish Mines.
  5535 | D:9      | Found a stormy altar of Qazlal.
  5536 | D:9      | Found Virinwea's Distillery.
  5564 | D:9      | XOM: chaos upgrade
  5791 | D:9      | Noticed a lindwurm
  5791 | D:9      | a two-headed ogre changed into a lindwurm
  5791 | D:9      | XOM: polymorph two-headed ogre -> lindwurm
  5799 | D:9      | XOM: summons 5 friendly demons
  5825 | D:10     | Entered Level 10 of the Dungeon
  5850 | D:10     | Found Vako Oggodu's Gadget Boutique.
  5885 | D:10     | XOM: noise
  5912 | D:10     | Found Lokhaf's Jewellery Shop.
  5917 | D:10     | XOM: scenery: 1 doors open, 1 doors close
  5918 | D:10     | XOM: divination: detect creatures
  5919 | D:10     | XOM: divination: detect items
  6077 | D:10     | XOM: noise
  6079 | D:10     | XOM: confusion (+ monsters)
  6131 | D:10     | Reached XP level 9. HP: 10/48 MP: 1/10
  6390 | D:10     | XOM: noise
  6393 | D:10     | Found Recacara's General Store.
  6399 | D:10     | Found Ovopor's Gadget Shop.
  6469 | D:10     | XOM: 9-stop teleportation journey
  6609 | D:10     | XOM: mild Hex miscast
  6610 | D:10     | Noticed an unseen horror
  6624 | D:10     | Killed an unseen horror
  6624 | D:10     | Reached skill level 8 in Dodging
  6655 | D:10     | Found Reguih's Book Shop.
  6740 | D:10     | Reached skill level 9 in Dodging
  6763 | D:10     | XOM: cast spell 'Summon Small Mammal'
  6768 | D:10     | XOM: cast spell 'Alistair's Intoxication'
  6781 | D:10     | XOM: confuse monster(s)
  6782 | D:10     | XOM: cast spell 'Summon Ice Beast'
  6798 | D:10     | XOM: blink monster(s)
  6798 | D:10     | XOM: smoke on damage
  6803 | D:10     | Reached skill level 10 in Dodging
  6803 | D:10     | XOM: mild Summ miscast
  6814 | D:10     | XOM: summons friendly ufetubus
  6890 | D:10     | XOM: give mutations
  6890 | D:10     | Gained mutation: Your muscles are very strong. (Str +4) [Xom's grace]
  6890 | D:10     | Gained mutation: You are partially covered in yellow scales. (AC +2) [Xom's grace]
  6890 | D:10     | Gained mutation: Your mind is acute. (Int +2) [Xom's grace]
  6890 | D:10     | Gained mutation: You evolve. [Xom's grace]
  7097 | D:10     | XOM: god gift: glowing ring mail {god gift}
  7117 | D:10     | Reached skill level 11 in Dodging
  7144 | D:10     | XOM: god gift: 2120 gold pieces
  7184 | D:10     | XOM: divination: detect creatures
  7348 | D:10     | Lost mutation: You are robust. (+10% HP) [evolution]
  7457 | D:10     | Noticed a troll
  7476 | D:10     | Killed a troll
  7476 | D:10     | Reached XP level 10. HP: 17/49 MP: 3/11
  7661 | D:10     | Bought a +5 ring of protection for 880 gold pieces
  7761 | D:10     | Bought 2 scrolls of acquirement for 1664 gold pieces
  7769 | D:10     | Got a slimy copper ring
  7771 | D:10     | Identified the ring "Tugg" {rF+ MR- Int+3 Dex+6} (You acquired it on level 10 of the Dungeon)
  7830 | D:11     | XOM: confuse monster(s)
  7877 | D:11     | XOM: harmless Summ miscast
  8121 | D:11     | XOM: summons 5 friendly demons
  8123 | D:11     | Noticed a manticore
  8136 | D:11     | Killed a manticore
  8556 | D:12     | Found a frozen archway.
  8586 | D:11     | XOM: fog
  8710 | IceCv    | Entered an ice cave
  8742 | IceCv    | XOM: summons 9 friendly demons
  8763 | IceCv    | XOM: polymorph ice beast -> porcupine
  8795 | IceCv    | Noticed a white ugly thing
  8872 | IceCv    | Noticed an ice statue
  8872 | IceCv    | Noticed an ice statue
  8883 | IceCv    | XOM: confuse monster(s)
  8885 | IceCv    | XOM: silly message
  9018 | IceCv    | XOM: harmless Tloc miscast
  9046 | IceCv    | Killed a white ugly thing
  9046 | IceCv    | Reached skill level 10 in Unarmed Combat
  9059 | IceCv    | Noticed an ice statue
  9066 | IceCv    | XOM: potion effect (experience)
  9066 | IceCv    | Reached XP level 11. HP: 52/52 MP: 12/12
  9097 | IceCv    | XOM: potion effect (invisibility)
  9111 | IceCv    | XOM: 1-stop teleportation journey
  9112 | IceCv    | Noticed a white ugly thing
  9130 | IceCv    | Killed a white ugly thing
  9150 | IceCv    | Got a shimmering ivory amulet
  9152 | IceCv    | Identified the amulet "Yfacam" {Gourm rF+} (You found it in an ice cave)
  9182 | IceCv    | XOM: 3-stop teleportation journey
  9317 | D:9      | XOM: enchant monster (bad)
  9319 | D:9      | Killed from afar by a lindwurm
  9320 | D:9      | Reached XP level 10. HP: -15/49 MP: 11/11
  9469 | Temple   | Entered the Ecumenical Temple
  9494 | Temple   | Fell from the grace of Xom
  9494 | Temple   | Became a worshipper of Zin the Law-Giver
  9494 | Temple   | Reached * piety under Zin
  9669 | D:9      | XOM: stat loss: -2 Dex (15/17)
  9739 | D:9      | Killed from afar by a lindwurm
  9740 | D:9      | Reached XP level 9. HP: -7/44 MP: 10/10
  9793 | D:9      | Killed a lindwurm
  9793 | D:9      | Reached XP level 10. HP: 49/49 MP: 9/11
  9808 | Lair:1   | Entered Level 1 of the Lair of Beasts
  9902 | Lair:1   | Noticed a black mamba
  9905 | Lair:1   | Noticed Sonja
  9915 | Lair:2   | Noticed a spiny frog
  9915 | Lair:2   | Noticed a spiny frog
  9933 | Lair:2   | Killed a black mamba
  9941 | Lair:2   | HP: 2/49 [komodo dragon (26)]
  9998 | Lair:2   | Killed a spiny frog
 10214 | Lair:2   | Reached ** piety under Zin
 10285 | Lair:2   | Killed a spiny frog
 10285 | Lair:2   | Reached skill level 12 in Dodging
 10450 | Lair:2   | Found a dark tunnel.
 10457 | Volcano  | Entered a volcano
 10467 | Volcano  | Noticed a wizard
 10469 | Volcano  | Killed a wizard
 10479 | Volcano  | Noticed a wizard
 10484 | Volcano  | Killed a wizard
 10515 | Volcano  | Noticed a wizard
 10515 | Volcano  | Noticed a toenail golem
 10544 | Volcano  | Noticed a toenail golem
 10544 | Volcano  | Noticed a toenail golem
 10544 | Volcano  | Noticed a mace of flaming
 10554 | Volcano  | Killed a toenail golem
 10554 | Volcano  | Reached skill level 13 in Dodging
 10560 | Volcano  | Killed a mace of flaming
 10567 | Volcano  | Killed a toenail golem
 10567 | Volcano  | Reached XP level 11. HP: 13/52 MP: 7/12
 10611 | Volcano  | Reached *** piety under Zin
 10847 | Volcano  | Noticed a wizard
 10850 | Volcano  | Killed a wizard
 10852 | Volcano  | Reached skill level 14 in Dodging
 10880 | Volcano  | Noticed a wizard
 10900 | Volcano  | Killed a wizard
 10937 | Volcano  | Killed a wizard
 11045 | Lair:2   | Found a staircase to the Snake Pit.
 11266 | Lair:2   | Reached **** piety under Zin
 11361 | Lair:2   | Reached skill level 15 in Dodging
 11520 | Lair:2   | XOM: silly message
 11818 | Lair:3   | XOM: mild Fire miscast
 11948 | Lair:3   | XOM: noise
 11988 | Lair:3   | Reached ***** piety under Zin
 12075 | Lair:3   | Found a staircase to the Swamp.
 12106 | Lair:3   | Noticed an oklob plant
 12424 | Lair:4   | XOM: 3-stop teleportation journey
 13029 | Lair:4   | Gained mutation: Your thick and shaggy fur keeps you warm. (AC +3, rC+) [Felid growth]
 13029 | Lair:4   | Reached XP level 12. HP: 36/58 MP: 13/13
 13423 | Lair:5   | XOM: noise
 13458 | Lair:5   | XOM: mild Erth miscast
 13601 | Lair:5   | Reached skill level 10 in Fighting
 14148 | Lair:6   | Entered Level 6 of the Lair of Beasts
 14312 | Lair:5   | XOM: medium Pois miscast
 14519 | Lair:5   | Slain by a yak

Skill      XL: |  1  2  3  4  5  6  7  8  9 10 11 12 |
---------------+-------------------------------------+-----
Stealth        | 2 4 6 7 9 |  9.7
Hexes          | 5 |  5.8
Dodging        | 4 6 11 13 15 | 15.6
Unarmed Combat | 7 12 13 | 13.8
Fighting       | 4 7 9 10 | 10.7

Action                   |  1- 3 |  4- 6 |  7- 9 | 10-12 || total
-------------------------+-------+-------+-------+-------++-------
Melee: Unarmed           |    90 |    39 |   403 |   573 ||  1105
       Bite              |     6 |     2 |    54 |   103 ||   165
       Punch             |     2 |     1 |     9 |    43 ||    55
 Cast: Confusing Touch   |       |     6 |    76 |    64 ||   146
Invok: Vitalisation      |       |       |       |     3 ||     3
  Use: Scroll            |     1 |     2 |     2 |    10 ||    15
       Potion            |     1 |       |       |     1 ||     2
 Stab: Sleeping          |    11 |     3 |    18 |    19 ||    51
       Confused          |       |     6 |    47 |    36 ||    89
       Petrified         |       |       |     3 |       ||     3
       Distracted        |       |       |     1 |     4 ||     5
       Invisible         |       |       |       |    14 ||    14
  Eat: Chunk             |     5 |       |    20 |    25 ||    50
Armor: Skin              |     2 |     2 |    14 |    43 ||    61
Dodge: Dodged            |    54 |    22 |   260 |   466 ||   802
Block: Other             |       |       |     1 |    73 ||    74
       Reflection        |       |       |       |     3 ||     3
